 Dungeon Crawl Stone Soup version 0.30-a0-777-ga9a30cbeda (webtiles) character file.

Game seed: 14225419926769661358

275 octoduck the Frost Mage (level 6, -6/41 HPs)
             Began as a Merfolk Ice Elementalist on Feb 13, 2023.
             Killed from afar by an orc wizard (17 damage)
             ... with a bolt of dispelling energy
             ... on level 3 of the Dungeon.
             The game lasted 00:08:29 (3044 turns).

octoduck the Frost Mage (Merfolk Ice Elementalist)  Turns: 3044, Time: 00:08:30

Health: -6/41      AC:  3    Str: 11    XL:     6   Next: 24%
Magic:  4/9        EV: 12    Int: 14    God:
Gold:   54         SH:  0    Dex: 14    Spells: 2/9 levels left

rFire   . . .      SeeInvis .    e - +0 short sword
rCold   . . .      Faith    .    (no shield)
rNeg    . . .      Spirit   .    a - +0 robe
rPois   .          Reflect  .    (no helmet)
rElec   .          Harm     .    f - +0 cloak
rCorr   .          Rampage  .    (no gloves)
Will    .....                    (no boots)
Stlth   ++                       (no amulet)
HPRegen 0.26/turn                (no ring)
MPRegen 0.11/turn                (no ring)

@: no status effects
A: (nimble swimmer 2), mertail
a: no special abilities


You were on level 3 of the Dungeon.
You visited 1 branch of the dungeon, and saw 3 of its levels.

You collected 54 gold pieces.

Inventory:

Hand Weapons
 c - a +0 dagger
 d - a +0 whip
 e - a +0 short sword (weapon)
 p - a +3 flail of holy wrath
 u - a +0 halberd
Armour
 a - a +0 robe (worn)
 f - a +0 cloak (worn)
 m - a +0 ring mail
 s - a +0 scale mail
Scrolls
 h - a scroll of noise {unknown}
 j - a scroll of immolation {unknown}
 k - 2 scrolls of amnesia {unknown}
 n - 3 scrolls of teleportation
 o - 2 scrolls of poison {unknown}
 q - a scroll of enchant weapon {unknown}
 r - a scroll of enchant armour {unknown}
 t - a scroll of vulnerability {unknown}
Potions
 b - a potion of magic
 g - a potion of lignification {unknown}
 i - 3 potions of curing
 l - a potion of berserk rage {unknown}


   Skills:
 - Level 2.6 Dodging
 - Level 2.1 Stealth
 - Level 2.0 Spellcasting
 + Level 8.0 Ice Magic


You had 2 spell levels left.
You knew the following spells:

 Your Spells              Type           Power      Damage    Failure   Level
a - Freeze                Ice            96%        1d10      1%          1
b - Frozen Ramparts       Ice            48%        1d8       2%          3
c - Ozocubu's Armour      Ice            24%        N/A       2%          3

Your spell library contained the following spells:

 Spells                   Type           Power      Damage    Failure   Level
 Summon Ice Beast         Ice/Summ       12%        N/A       41%         4
 Freezing Cloud           Conj/Ice/Air   4%         6-21      91%         5
 Simulacrum               Ice/Necr       6%         N/A       100%        6
 Polar Vortex             Ice            12%        N/A       100%        9


Dungeon Overview and Level Annotations

Branches:
Dungeon (3/15)

Altars:


Innate Abilities, Weirdness & Mutations

((You are very nimble when in or above water. (Stealth+, EV+, Speed+++)))
Your lower body shifts to a powerful aquatic tail in water.


Message History

There is a stone staircase leading up here.
Casting: Freeze (safe; 1% risk of failure)
Confirm with . or Enter, or press ? or * to list all spells.
You can't see any susceptible monsters within range! (Use Z to cast anyway.)
Casting: Freeze (safe; 1% risk of failure)
Confirm with . or Enter, or press ? or * to list all spells.
Aiming: Freeze (safe; 1% risk of failure)
Press: ? - help, Shift-Dir - straight line, f/p - adder
Aim: an adder (almost dead, slow)
You freeze the adder!
You kill the adder!
The orc wizard shouts!
The orc wizard zaps a wand.
The bolt of dispelling energy hits the orc!
The orc dies!
The bolt of dispelling energy misses you.
An orc wizard is nearby!
A frilled lizard comes into view.
The orc wizard zaps a wand.
The bolt of dispelling energy misses you.
Things that are here:
a +0 dagger; an orc corpse; an adder corpse You start resting.
An orc comes into view. It is wielding a +0 club.
Casting: Freeze (safe; 1% risk of failure)
Confirm with . or Enter, or press ? or * to list all spells.
Casting: Frozen Ramparts (dangerous; 2% risk of failure)
Press: ? - help, Dir - look around, f - activate
Okay, then.
An orc comes into view. It is wielding a +0 hand axe.
The orc shouts!
Things that are here:
a +0 dagger; an orc corpse; an adder corpse An orc comes into view.
It is wielding a +0 short sword.
The orc wizard zaps a wand.
The bolt of dispelling energy hits you!
The orc wizard zaps a wand.
The bolt of dispelling energy hits you!
* * * LOW HITPOINT WARNING * * *
There is a stone staircase leading up, spattered with blood here.
The orc wizard zaps a wand.
The bolt of dispelling energy hits you!
You die...

##. # .. .... . #...
.... ..##.#. .....
...... .....
#.#...## ...... ..
#..##.o....
#.###..ol.o...
###.#..@)####.#.
#.....††.###...
#............#
..##.........o(##
...........^..## #
.##..>......#####..#
............#.......
..............#
.###........###


You could see an orc wizard, 3 orcs and a frilled lizard.

Vanquished Creatures
  Crazy Yiuf (D:2)
  An orc priest (D:2)
  Natasha (twice) (D:3)
  2 orc wizards (D:2)
  4 gnolls
  3 adders
  2 orcs (D:2)
  6 endoplasms
  2 giant cockroaches
  6 goblins
  A hobgoblin (D:1)
  5 kobolds (D:1)
  2 quokkas
  A ball python (D:1)
  2 bats
  2 frilled lizards (D:1)
  22 rats
64 creatures vanquished.

Vanquished Creatures (others)
  An orc (D:3)
1 creature vanquished.

Grand Total: 65 creatures vanquished

Notes
Turn   | Place    | Note
-------+----------+-------------------------------------------
     0 | D:1      | octoduck the Merfolk Ice Elementalist began the quest for
                  | the Orb.
     0 | D:1      | Reached XP level 1. HP: 13/13 MP: 3/3
   177 | D:1      | Reached XP level 2. HP: 19/19 MP: 3/5
   466 | D:1      | Reached skill level 5 in Ice Magic
   917 | D:1      | Reached XP level 3. HP: 20/24 MP: 4/6
  1066 | D:1      | Learned a level 3 spell: Frozen Ramparts
  1693 | D:2      | Reached skill level 6 in Ice Magic
  1693 | D:2      | Reached XP level 4. HP: 28/30 MP: 4/7
  1911 | D:2      | Reached XP level 5. HP: 35/35 MP: 4/8
  1922 | D:2      | Reached skill level 7 in Ice Magic
  2181 | D:2      | Learned a level 3 spell: Ozocubu's Armour
  2749 | D:2      | Found a runed translucent door.
  2750 | D:2      | Noticed Crazy Yiuf
  2758 | D:2      | Killed Crazy Yiuf
  2908 | D:3      | Noticed Natasha
  2913 | D:3      | Killed Natasha
  2914 | D:3      | Reached XP level 6. HP: 33/41 MP: 3/9
  3007 | D:3      | Noticed Natasha
  3012 | D:3      | Killed Natasha
  3013 | D:3      | Reached skill level 8 in Ice Magic
  3044 | D:3      | Killed from afar by an orc wizard

Illustrated notes

Levels and vault maps discovered:
D:1:      amcnicky_arrival_blooded_trapdoor, layout_loops_ring,
          chequers_serial_rivers_micro_a, minmay_tetromino_i4
D:2:      layout_loops_ring, minmay_rat_hole, uniq_crazy_yiuf_cottage
D:3:      layout_rooms, nicolae_yredelemnul_ghost_church, uniq_natasha

Skill      XL: |  1  2  3  4  5  6 |
---------------+-------------------+-----
Ice Magic      | 5 6 7 8 |  8.0
Dodging        | |  2.6
Stealth        | |  2.1
Spellcasting   | |  2.0

Action                     |  1- 3 |  4- 6 || total
---------------------------+-------+-------++-------
  Melee: Dagger            |     8 |       ||     8
         Short sword       |    58 |     6 ||    64
   Cast: Freeze            |    46 |    36 ||    82
         Frozen Ramparts   |       |     7 ||     7
         Ozocubu's Armour  |       |     1 ||     1
    Use: Scroll            |     2 |       ||     2
         Potion            |     1 |       ||     1
   Stab: Sleeping          |     2 |       ||     2
 Armour: Robe              |    18 |     7 ||    25
  Dodge: Dodged            |    52 |    19 ||    71

Table legend: (Time is in decaauts)
 A = Elapsed time spent in this place.
 B = Non-inter-level travel time spent in this place.
 C = Inter-level travel time spent in this place.
 D = Time resting spent in this place.
 E = Time spent auto-exploring this place.
 F = Levels seen in this place.
 G = Mean time per level.
                   A        B        C        D        E       F      G
               +--------+--------+--------+--------+--------+-----+--------+
         Total |   3043 |   2713 |    330 |    943 |   1128 |   3 | 1014.3 |
       Dungeon |   3043 |   2713 |    330 |    943 |   1128 |   3 | 1014.3 |
               +--------+--------+--------+--------+--------+-----+--------+

Top non-repeatable levels by time:
     D:1: 1572 daAuts
     D:2: 1370 daAuts
     D:3: 100 daAuts
